Cogmind - Beta 10.2 @@@ ROGUE MODE // 2021.04.06 @ 20:51:49 Player: ChromeKnight Result: Destroyed by G-34 Mercenary with Small Laser Performance ------------- Evolutions (0) 0 Regions Visited (2) 400 Robots Destroyed (3) 15 Value Destroyed (54) 54 Prototype IDs (0) 0 Alien Tech Used (0) 0 Bonus (7) 7 TOTAL SCORE: 476 Bonus ------- Follower Combat Kills 7 Cogmind --------- Core Integrity 0/250 Matter 300/300 Energy 100/100 System Corruption 0% Temperature Cool (12) Movement Core (300) Ox5 Location -10/Mines Parts ------- > --- POWER (1) -------- (None) > --- PROPULSION (2) --- (None) > --- UTILITY (2) ------ Large Storage Unit > --- WEAPON (2) ------- (None) > --- INVENTORY (10) --- Light Ion Engine Peak State ------------ > --- POWER ------------ Light Ion Engine > --- PROPULSION ------- Aluminum Leg Aluminum Leg > --- UTILITY ---------- Small Storage Unit Large Storage Unit > --- WEAPON ----------- EM Pulse Gun Small Laser > --- INVENTORY -------- Medium Laser [Rating: 7] Favorites ----------- Power Light Ion Engine Engine Light Ion Engine Propulsion Aluminum Leg Leg Aluminum Leg Utility Large Storage Unit Storage Large Storage Unit Weapon Small Laser Energy Gun Small Laser Build | -11 -10 -10 ------- Run | Scr Mat Min Slots Evolved . | . . . Power . | . . . Propulsion . | . . . Utility . | . . . Weapon . | . . . Parts Attached 9 | 6 1 2 Power 2 | 1 . 1 Engine 2 | 1 . 1 Core . | . . . Reactor . | . . . Propulsion 2 | 2 . . Treads . | . . . Leg 2 | 2 . . Wheel . | . . . Hover . | . . . Flight . | . . . Utility 2 | 1 1 . Device . | . . . Storage 2 | 1 1 . Processor . | . . . Hackware . | . . . Protection . | . . . Artifact . | . . . Weapon 3 | 2 . 1 Energy Gun 3 | 2 . 1 Energy Cannon . | . . . Ballistic Gun . | . . . Ballistic Cannon . | . . . Launcher . | . . . Special Weapon . | . . . Impact Weapon . | . . . Slashing Weapon . | . . . Piercing Weapon . | . . . Special Melee Weapon . | . . . Unidentified Prototypes . | . . . Parts Lost 6 | . . 6 Power 1 | . . 1 Propulsion 2 | . . 2 Utility . | . . . Weapon 3 | . . 3 Highest Loss Streak 5 | . . 5 Average Slot Usage (%) 78 | . 85 75 Engine 12 | . 14 11 Leg 25 | . 28 24 Storage 14 | . 14 14 Energy Gun 25 | . 28 24 Naked Turns . | . . . Heaviest Build 22 | 10 22 22 Greatest Support 20 | 20 20 20 Greatest Overweight (x) 5 | . 1 5 Average Overweight (x) . | . . 1 Largest Inventory Capacity 12 | 6 12 10 Average Capacity 9 | 5 8 10 Most Carried 1 | 1 1 1 Average Carried . | . 1 . Final Capacity 10 | 6 10 10 Final Carried 1 | 1 1 1 Class Distribution -------------------- 100% | Mutant Dominant Class ---------------- Mutant | -10/Materials Mutant | -10/Mines Resources | -11 -10 -10 ----------- Run | Scr Mat Min Matter Collected 272 | 213 . 59 Remotely . | . . . Salvage Created 125 | . 43 82 Parts 4 | . 2 2 Haulers Intercepted . | . . . Recyclers Shooed . | . . . Parts Field Recycled . | . . . Retrieved Matter . | . . . Parts Self-Destructed . | . . . Prevented . | . . . Kills | -11 -10 -10 ------- Run | Scr Mat Min Combat Hostiles Destroyed 6 | . 1 5 Guns 6 | . 1 5 Classes Destroyed 3 | . 1 2 Swarmer 2 | . . 2 Grunt 1 | . 1 . Assembled 3 | . . 3 Best Kill Streak 3 | . 1 3 Combat Bots Only 3 | . 1 3 Max Kills in Single Turn 1 | . 1 1 Gunslinging . | . . . Exploded . | . . . Melee . | . . . Uniques/NPCs Destroyed . | . . . Combat | -11 -10 -10 -------- Run | Scr Mat Min Damage Taken 756 | . 20 736 Core 258 | . . 258 Absorbed by Shields . | . . . Core Remaining (%) 100 | 100 . . Volleys Fired 24 | . 3 21 Largest 2 | . 2 2 Hottest 90 | . 80 90 Shots Fired 39 | . 6 33 Gun 39 | . 6 33 Cannon . | . . . Launcher . | . . . Special . | . . . Kinetic . | . . . Thermal 19 | . 3 16 Explosive . | . . . Electromagnetic 20 | . 3 17 Robot Hit Streak 8 | . 5 8 Robot Miss Streak 2 | . . 2 Penetration Max . | . . . Secondary Targets . | . . . Shots Hit Robots 26 | . 5 21 Core Hits 11 | . 2 9 Critical Hits . | . . . Critical Kills . | . . . Critical Parts Destroyed . | . . . Melee Attacks . | . . . Impact . | . . . Slashing . | . . . Piercing . | . . . Sneak Attacks . | . . . Combat Hostiles . | . . . Follow-up Attacks . | . . . Damage Inflicted 278 | . 61 217 Guns 273 | . 61 212 Cannons . | . . . Explosions . | . . . Melee . | . . . Ramming 5 | . . 5 Kinetic . | . . . Thermal 136 | . 23 113 Explosive . | . . . Electromagnetic 137 | . 38 99 Impact . | . . . Slashing . | . . . Piercing . | . . . Highest Corruption . | . . . Average Corruption . | . . . Corruption Purged . | . . . Overload Shots . | . . . Overflow Damage . | . . . Projectiles . | . . . Explosions . | . . . Melee . | . . . Knockbacks . | . . . Impact . | . . . Kinetic . | . . . Secondary . | . . . Self-Inflicted Damage 2 | . . 2 Shots . | . . . Rammed 2 | . . 2 Targets Rammed 2 | . . 2 Kicked . | . . . Crushed . | . . . Highest Temperature 264 | . 66 264 Average Temperature 89 | . 36 99 Received Heat Transfer 452 | . 12 440 Effects 1 | . . 1 Interference 1 | . . 1 Siege Activations . | . . . Robots Corrupted . | . . . Combat Hostiles . | . . . Parts Fried . | . . . Impact Corruptions . | . . . Robots Melted . | . . . Combat Hostiles . | . . . Parts Melted . | . . . Heat Transferred 336 | . 50 286 Parts Sabotaged . | . . . Parts Stolen . | . . . Parts Stripped . | . . . Power Chain Reactions . | . . . Missiles Intercepted . | . . . Alert | -11 -10 -10 ------- Run | Scr Mat Min Peak Influence 55 | . 35 55 Initial 13 | . . 13 Average 18 | . 23 18 Maximum Alert Level . | . . . Low Security (%) 100 | 100 100 100 Level 1 . | . . . Level 2 . | . . . Level 3 . | . . . Level 4 . | . . . Level 5 . | . . . High Security . | . . . Max Security . | . . . Squads Dispatched 2 | . 1 1 Investigation . | . . . Extermination . | . . . Reinforcement 1 | . 1 . Assault 1 | . . 1 Garrison . | . . . Intercept . | . . . Construction Impeded . | . . . Haulers Reinforced . | . . . Stealth | -11 -10 -10 --------- Run | Scr Mat Min Distress Signals 1 | . 1 . Communications Jammed . | . . . Distress Signals . | . . . Times Spotted 17 | . 4 13 Peak Tracking Total 6 | . 3 6 Tactical Retreats 2 | . . 2 Traps | -11 -10 -10 ------- Run | Scr Mat Min Traps Triggered . | . . . Indirectly . | . . . Trap Hack Attempts . | . . . Triggered . | . . . Disarmed . | . . . Reprogrammed . | . . . Reused . | . . . Traps Extracted . | . . . Installed . | . . . Triggered . | . . . Machines | -11 -10 -10 ---------- Run | Scr Mat Min Machines Disabled . | . . . Max in Single Turn . | . . . Machines Sabotaged . | . . . Garrisons Compromised . | . . . Overloaded Fab Kills . | . . . Fab Network Shutdowns . | . . . Hacking | -11 -10 -10 --------- Run | Scr Mat Min Machines Accessed . | . . . Terminals . | . . . Fabricators . | . . . Repair Stations . | . . . Recycling Units . | . . . Scanalyzers . | . . . Garrison Access . | . . . Total Hacks . | . . . Successful . | . . . Failed . | . . . Catastrophic . | . . . Database Lockouts . | . . . Manual . | . . . Terminals . | . . . Fabricators . | . . . Repair Stations . | . . . Recycling Units . | . . . Scanalyzers . | . . . Garrison Access . | . . . Terminal Hacks . | . . . Fabricator Hacks . | . . . Repair Station Hacks . | . . . Recycling Unit Hacks . | . . . Scanalyzer . | . . . Garrison Access Hacks . | . . . Unauthorized Hacks . | . . . Terminals . | . . . Fabricators . | . . . Repair Stations . | . . . Recycling Units . | . . . Scanalyzers . | . . . Garrison Access . | . . . Data Cores Recovered . | . . . Used . | . . . Hacking Detections . | . . . Full Trace Events . | . . . Feedback Events . | . . . Feedback Blocked . | . . . Robot Schematics Acquired . | . . . Robots Built . | . . . Matter . | . . . Time . | . . . Total Robot Build Rating . | . . . Part Schematics Acquired . | . . . Parts Built . | . . . Matter . | . . . Time . | . . . Total Part Build Rating . | . . . Parts Repaired . | . . . Time . | . . . Parts Recycled . | . . . Recycled Matter . | . . . Retrieved Matter . | . . . Retrieved Components . | . . . Parts Scanalyzed . | . . . Part Schematics Acquired . | . . . Parts Damaged . | . . . Bothacking | -11 -10 -10 ------------ Run | Scr Mat Min Used RIF Installer . | . . . Robots Hacked . | . . . Non-combat . | . . . Combat . | . . . Robot Hacks Applied . | . . . Relay Couplers Released . | . . . Robots Rewired . | . . . Allies Hacked . | . . . Hacks Repelled . | . . . Allies | -11 -10 -10 -------- Run | Scr Mat Min Total Allies 1 | . . 1 Largest Group 1 | . . 1 Highest-Rated Group 31 | . . 31 Highest-Rated Ally 31 | . . 31 Total Orders . | . . . Ally Attacks 5 | . . 5 Total Damage 86 | . . 86 Kills 2 | . . 2 Allies Corrupted . | . . . Allies Melted . | . . . Intel | -11 -10 -10 ------- Run | Scr Mat Min Robot Analysis Total . | . . . Derelict Logs Recovered 1 | . . 1 Drone Launches . | . . . Drone Recoveries . | . . . Exploration | -11 -10 -10 ------------- Run | Scr Mat Min Turns Passed 552 | 61 153 338 Spaces Moved 319 | 46 97 176 Core 14 | 5 . 9 Treads . | . . . Legs 305 | 41 97 167 Wheels . | . . . Hover . | . . . Flight . | . . . Fastest Speed 50 | 50 120 120 Average Speed 144 | 112 139 156 Slowest Speed 300 | 120 150 300 Overloaded Moves . | . . . Propulsion Burnouts . | . . . Robots Hopped . | . . . Cave-ins Triggered . | . . . Exploration Rate (%) 30 | 4 38 49 Regions Visited 2 Branch Regions 1 Pre-discovered Areas . | . . . Known Exits Taken . | . . . Unknown Exits Taken 2 | 1 1 . Scrap Searched . | . . . Spaces Dug . | . . . Terrain Destroyed . | . . . Melee . | . . . Projectile . | . . . AOE . | . . . Terrain Rammed . | . . . Walls Destroyed . | . . . Machines Disabled . | . . . Actions | -11 -10 -10 --------- Run | Scr Mat Min Total 364 | 52 109 203 Wait 10 | . 8 2 Move 317 | 45 96 176 Hop . | . . . Pick Up 1 | 1 . . Fast Attach 7 | 6 1 . Attach 1 | . . 1 Detach . | . . . Swap 1 | . . 1 Drop 1 | . 1 . Fire 24 | . 3 21 Melee . | . . . Ram 1 | . . 1 Kick 1 | . . 1 Crush . | . . . Escape Stasis . | . . . Rewire . | . . . Trap . | . . . Miscellaneous . | . . . Route ------- -11/Scrapyard -10/Materials -10/Mines History --------- Turn | Location | Event 7 | -11/Scrapyard | Discovered new exit (range 15) 62 | -11/Scrapyard | Entered Materials 203 | -10/Materials | Discovered new exit (range 7) 215 | -10/Materials | Entered Mines 236 | -10/Mines | Assembled infested the area 241 | -10/Mines | Assisted by a Guerilla fighting off Assembled 315 | -10/Mines | Learned Materials stockpile data 316 | -10/Mines | Build established: Mutant 342 | -10/Mines | Met a Derelict testing a Signal Generator 535 | -10/Mines | Core integrity fell below 50% 547 | -10/Mines | Core integrity fell below 20% 553 | -10/Mines | Destroyed by G-34 Mercenary with Small Laser Last Messages --------------- 00445_ K-01 Serf collects debris. 00449_ 9H-V5V(g) destroyed. 00452_ S-10 Pest destroyed. 00458_ EM Pulse Gun destroyed. 00459_ S-10 Pest destroyed. 00464_ R-06 Scavenger collects Lgt. Ion Engine. 00464_ Acquired 19 matter. 00469_ R-06 Scavenger collects Flight Unit. 00471_ K-01 Serf collects debris. 00473_ Acquired 8 matter. 00474_ K-01 Serf collects debris. 00476_ R-06 Scavenger collects Flight Unit. 00479_ K-01 Serf collects debris. 00489_ Med. Laser destroyed. 00494_ K-01 Serf collects debris. 00498_ Lgt. Ion Engine destroyed. 00499_ K-01 Serf collects debris. 00501_ Aluminum Leg destroyed. 00532_ Sml. Laser destroyed. 00550_ Slammed into G-47 Trooper. Map ----- +----------------------------------------------------+ | ???????????####??# #% ## ##???????? | | ???????##### #?# # % ####### ##????????? | | ????#### ## # #????# #?????????? | | ???## #????# #?????????? | | ???# #???? ?????????? | | ???# ## ##??# #???????## | | ??# % ##?# #?????### | | ??# ### #?## ##?????# | | ???#??????## #??####??????# | | ???????????# ##???????????# | | ???????????# #???????????#### | | ???????????## #????????????? | | ????????????#### #### #???????????? | | ???????????##### #???# #??????????? | | ?????????### ## ##???# ## ??????????? | | ????????## #????#####?# ???????????? | | ????????# #???????????????????????? | | ????????# #######???????????????????????# | | ????????# ##???????????#####?????????????# | | ????????# #??####?????# ##????????????# | | ????????# #### ##?### #????????????# | | ????????# r## ## #????????????# | | ????????# g #?????????????? | | ???????# """gg #??????????????? | | ???????# """ #######??????????????? | | ???????# """@g##????????????????????? | | ???????# m #?????????????????????? | | ???????## ##?????????????????????? | | ????????## ##??????????????????????? | | ?????????## ##???????????????????????? | | ??????????## #????????????????????????? | | ???????????### ????????????????????????? | | ?????????????## ???????????????????????? | | ??????????????# ###??????????????????????? | | ??????????????# #????????????????????????? | | ??????????????# #????????????????????????? | | ?????????????? ????????????????????????? | | ?????????????? ?????????????????????????? | | ????????????? ???????????????????????????? | | ???????????????????????????????????????????? | | ???????????????????????????????????????????? | | ???????????????????????????????????????????? | | ???????????????????????????????????????????? | | ???????????????????????????????????????????? | | ???????????????????????????????????????????? | | ???????????????????????????????????????????? | | ???????????????????????????????????????????? | | ???????????????????????????????????????????? | | ???????????????????????????????????????????? | | ???????????????????????????????????????????? | +----------------------------------------------------+ Best States ------------- Heat Dissipation 25 Energy Generation 10 Energy Capacity 125 Matter Stores 300 Matter Capacity 300 Sight Range 16 Terrain Scan Density 10 Evasion (%) 40 Item Schematics ----------------- None Robot Schematics ------------------ None Fabricated ------------ Nothing Alien Tech Used ----------------- None Achievements -------------- None Challenges ------------ None Game ------ Seed DecoyLargeMatter Manual? 0 Play Time 00:05:56 Cumulative 124.1 hours Start 2021.04.06 @ 20:48:21 End 2021.04.06 @ 20:51:49 Sessions 1 Manual Loads 0 Difficulty Rogue Special Mode None Game No. 289 Rogue 136 Adventurer 148 Explorer 5 Win Type - Total 3 Types 3/0/0/0/0/0/0/0/0 Lore% 64 Gallery% 72 Achievement% 57 Wizard Run 0 Options --------- ASCII 0 Keyboard 0 Movement Numpad Keybinds 0 Fullscreen 1 Font 14/X11 Map View 84x54 Tactical HUD 1 Map Filters NONE Filters NONE Steam 1 RUN: 38c514c8-4ecc-4ba3-bc3d-6248eda80554